 Dungeon Crawl Stone Soup version 0.31-a0-1071-gaead2f62b1 (webtiles) character file.

Game seed: 2160572035945671899

90 timneilson the Ruffian (level 4, -4/29 HPs)
             Began as an Octopode Shapeshifter on Nov 26, 2023.
             Slain by a gnoll
             ... wielding a +0 halberd
              (12 damage)
             ... on level 2 of the Dungeon.
             The game lasted 00:02:57 (1595 turns).

timneilson the Ruffian (Octopode Shapeshifter)      Turns: 1595, Time: 00:02:58

Health: -4/29      AC:  1    Str: 15    XL:     4   Next: 56%
Magic:  4/4        EV: 13    Int: 12    God:
Gold:   103        SH:  0    Dex: 11    Spells: 3/3 levels left

rFire   . .          .
                       - Unarmed
rCold   . . .        (no shield)
rNeg    . . .        (helmet currently unavailable)
rPois   .            (no amulet)
rElec   .            (no ring)
rCorr   .            (no ring)
SInv    .            (no ring)
Will    .....        (no ring)
Stlth   +++          (no ring)
HPRegen 0.24/turn    (no ring)
MPRegen 0.09/turn    (no ring)
                     (no ring)

%: no passive effects
@: beast-form
A: beast (slay +2), almost no armour, amphibious, 8 rings, camouflage 1,
gelatinous body 1, (nimble swimmer 1), tentacles
a: Begin Untransformation


You were on level 2 of the Dungeon.
You were a hulking beast.
You visited 1 branch of the dungeon, and saw 2 of its levels.

You collected 103 gold pieces.

Inventory:

Talismans
 b - a beast talisman
 c - a flux talisman
 e - a talisman of death
Scrolls
 f - a scroll of immolation {unknown}
 g - a scroll of blinking {unknown}
 i - a scroll of identify {unknown}
Potions
 a - 2 potions of lignification
 d - 3 potions of degeneration {unknown}
 h - a potion of cancellation {unknown}
 j - a potion of heal wounds {unknown}


   Skills:
 * Level 2.1 Fighting
 * Level 2.6 Dodging
 + Level 1.5 Stealth
 * Level 3.6 Unarmed Combat
 * Level 3.5 Shapeshifting


You had 3 spell levels left.
You didn't know any spells.
Your spell library was empty.

Dungeon Overview and Level Annotations

Branches:
Dungeon (2/15)

Altars:


Innate Abilities, Weirdness & Mutations

You are a hulking beast.
Your limbs bulge with bestial killing power. (Slay +2)
You cannot wear most types of armour.
You are amphibious.
You can wear up to eight rings at the same time.
Your skin changes colour to match your surroundings (Stealth+).
Your rubbery body absorbs attacks. (AC +1, EV +1)
((You are camouflaged when in or above water. (Stealth+)))
You have tentacles for arms and can constrict up to eight enemies at once.


Message History

Press: ? - help, v - describe, . - travel
Here: a gnoll, wielding a +0 halberd and quivering a throwing net (asleep)
The floor.
A gnoll comes into view. It is wielding a +0 whip.
The gnoll shouts! x3
The gnoll hits you with a +0 flail!
You barely miss the gnoll. You grab the gnoll. You constrict the gnoll.
The gnoll hits you with a +0 flail! The gnoll barely misses you.
You completely miss the gnoll.
The gnoll is lightly wounded.
You constrict the gnoll, but do no damage.
The gnoll misses you. x2
Unknown command.
You tentacle-slap the gnoll but do no damage.
The gnoll is lightly wounded.
You constrict the gnoll. The gnoll misses you. The gnoll closely misses you.
You tentacle-slap the gnoll.
The gnoll is moderately wounded.
You constrict the gnoll. The gnoll closely misses you. The gnoll misses you.
You tentacle-slap the gnoll.
The gnoll is heavily wounded.
You constrict the gnoll.
The gnoll hits you from afar with a +0 halberd.
* * * LOW HITPOINT WARNING * * *
The gnoll closely misses you.
Unknown command.
You tentacle-slap the gnoll.
You kill the gnoll!
The gnoll barely misses you. The gnoll barely misses you.
Things that are here:
a +0 flail; a gnoll corpse You tentacle-slap the gnoll.
Your grab misses the gnoll. You squeeze the gnoll!
The gnoll is almost dead.
The gnoll barely misses you.
You tentacle-slap the gnoll but do no damage.
Your grab misses the gnoll.
The gnoll is almost dead.
The gnoll hits you with a +0 halberd!
You die...

...........#÷...........#
...........#.#..#######.#
.##........#.#..#########
.##........#.#.>......#
.###.......#.########.#
## #.#...†...# #....#.#
####.######### #.##.#.#
..##.#...... #.##.#.#
..##.#...... #h##.#.#
..##........ #g##.#.#
..##........ .g.#.#.#
............ ##..#.#.#
..#......... #..#.#.#
..#......... #..#.#.#
..#...#############.#.#
#.#...##.....††.....#.#
#.#...##.############.#


You could see 2 gnolls.

Vanquished Creatures
  Natasha (D:2)
  A gnoll (D:2)
  An adder (D:2)
  A worm (D:2)
  2 dart slugs
  8 ball pythons
  3 bats (D:2)
  An endoplasm (D:2)
  2 giant cockroaches
  5 hobgoblins
  4 kobolds (D:2)
  2 quokkas (D:2)
  A frilled lizard (D:2)
  4 goblins
36 creatures vanquished.

Notes
Turn   | Place    | Note
-------+----------+-------------------------------------------
     0 | D:1      | timneilson the Octopode Shapeshifter began the quest for
                  | the Orb.
     0 | D:1      | Reached XP level 1. HP: 13/13 MP: 1/1
   267 | D:1      | Reached XP level 2. HP: 18/18 MP: 2/2
   806 | D:2      | Reached skill level 1 in Stealth
   807 | D:2      | Reached XP level 3. HP: 23/23 MP: 3/3
  1143 | D:2      | Noticed Natasha
  1163 | D:2      | Killed Natasha
  1164 | D:2      | Reached XP level 4. HP: 10/29 MP: 4/4
  1595 | D:2      | Slain by a gnoll

Illustrated notes

Levels and vault maps discovered:
D:1:      co_arrival_hexagon_in_a_hexagon, layout_basic
D:2:      layout_basic, uniq_natasha

Skill      XL: |  1  2  3 |
---------------+----------+-----
Stealth        | 1 |  1.5
Fighting       | 2 |  2.1
Dodging        | |  2.6
Unarmed Combat | |  3.6
Shapeshifting  | |  3.5

Action                     |  1- 3 |  4- 6 || total
---------------------------+-------+-------++-------
  Melee: Unarmed           |    55 |    33 ||    88
         Constrict         |    13 |     7 ||    20
         Tentacles         |     7 |     3 ||    10
         Punch             |     1 |       ||     1
    Use: Scroll            |     1 |       ||     1
   Stab: Sleeping          |     2 |       ||     2
 Armour: Skin              |    20 |    18 ||    38
  Dodge: Dodged            |    39 |    29 ||    68

Table legend: (Time is in decaauts)
 A = Elapsed time spent in this place.
 B = Non-inter-level travel time spent in this place.
 C = Inter-level travel time spent in this place.
 D = Time resting spent in this place.
 E = Time spent auto-exploring this place.
 F = Levels seen in this place.
 G = Mean time per level.
                   A        B        C        D        E       F      G
               +--------+--------+--------+--------+--------+-----+--------+
         Total |   1589 |   1551 |     38 |      0 |   1286 |   2 |  794.5 |
       Dungeon |   1589 |   1551 |     38 |      0 |   1286 |   2 |  794.5 |
               +--------+--------+--------+--------+--------+-----+--------+

Top non-repeatable levels by time:
     D:1: 795 daAuts
     D:2: 793 daAuts
